 Dungeon Crawl Stone Soup version 0.18.1-47-g9310371 (webtiles) character file.

716 Liquid the Ruffian (level 7, -3/44 HPs)
             Began as a Gargoyle Monk on June 22, 2016.
             Was a Believer of Qazlal.
             Slain by an ogre
             ... wielding a +0 giant spiked club
              (13 damage)
             ... on level 5 of the Dungeon.
             The game lasted 00:11:44 (3216 turns).

Liquid the Ruffian (Gargoyle Monk)                  Turns: 3216, Time: 00:11:44

Health: -3/44      AC: 14    Str: 17    XL:     7   Next: 69%
Magic:  8/8        EV: 10    Int: 10    God:    Qazlal [**....]
Gold:   259        SH:  2    Dex: 12    Spells: 0 memorised, 6 levels left

rFire  . . .     SeeInvis .       - Unarmed
rCold  + + +     Gourm    .     c - +0 scale mail {rC+}
rNeg   + . .     Faith    +     (no shield)
rPois  ∞         Spirit   .     h - +0 helmet
rElec  +         Dismiss  .     (no cloak)
rCorr  .         Reflect  .     (no gloves)
SustAt .         Harm     .     p - +0 pair of boots
MR     .....                    f - amulet of faith
Stlth  +.........               B - ring of protection from cold
                                r - ring of protection from cold

@: not resistant to hostile enchantments, very unstealthy
A: negative energy resistance 1, electricity resistance, unbreathing,
petrification resistance, rot immunity, AC +4
a: Upheaval, Renounce Religion


You were on level 5 of the Dungeon.
You worshipped Qazlal.
Qazlal was pleased with you.
You were not hungry.

You visited 2 branches of the dungeon, and saw 6 of its levels.

You collected 259 gold pieces.

Inventory:

Missiles
 w - 7 javelins of penetration (quivered)
Armour
 c - a +0 scale mail of cold resistance (worn)
 h - a +0 helmet (worn)
 p - a +0 pair of boots (worn)
Jewellery
 f - an amulet of faith (around neck)
 r - a ring of protection from cold (left hand)
 B - a ring of protection from cold (right hand)
Wands
 d - a wand of random effects (16/48)
 v - a wand of iceblast (2/15)
 A - a wand of random effects (6/48)
Scrolls
 a - 3 scrolls of teleportation {unknown}
 e - a scroll of blinking
 l - 5 scrolls of remove curse
 m - 2 scrolls of immolation {unknown}
 u - a scroll of fear {unknown}
 x - a scroll of recharging {unknown}
 y - a scroll of fog {unknown}
 z - a scroll of identify {unknown}
Potions
 j - 2 potions of lignification {unknown}
 k - a potion of curing {unknown}
 n - 2 potions of brilliance {unknown}
 o - 2 potions of cure mutation {unknown}
 q - a potion of might {unknown}
 s - a potion of mutation {unknown}
 C - a potion of heal wounds
Comestibles
 b - 2 bread rations
 g - a beef jerky
 i - 3 meat rations
 t - 5 fruits


   Skills:
 + Level 5.3 Fighting
 + Level 3.8 Armour
 - Level 3.0 Dodging
 - Level 2.1 Stealth
 * Level 6.7 Unarmed Combat
 * Level 2.1 Invocations


You had 6 spell levels left.
You didn't know any spells.

Dungeon Overview and Level Annotations

Branches:
Dungeon (5/15)             Temple (1/1) D:4

Altars:
Ashenzari
Dithmenos
Nemelex Xobeh
Pakellas
Qazlal
Sif Muna
Trog
Yredelemnul
Zin
The Shining One

Annotations:
D:5 Pikel


Innate Abilities, Weirdness & Mutations

You are resistant to torment.
Your stone body is resilient (AC +4).
You are immune to poison.
You resist negative energy.
You are resistant to electric shocks.
You can survive without breathing.
You are immune to petrification.
You are immune to rotting.


Message History

There is a stone staircase leading up here.
You start resting.
You hit the ogre.
The ogre is moderately wounded.
The ogre closely misses you.
You punch the ogre!
The ogre is heavily wounded.
The ogre barely misses you.
You hit the ogre.
The ogre is severely wounded.
You hit the ogre.
The ogre is severely wounded.
The ogre hits you with a giant spiked club!!
* * * LOW HITPOINT WARNING * * *
You completely miss the ogre.
The ogre is severely wounded.
You hit the ogre.
The ogre is almost dead.
The ogre hits you with a giant spiked club!
You die...

#############
##########.....#.....#
#....................)
#.............).......
#.....................
#.>...................
#.<..@O...............
######.#..............
#..................
#>...#.............
#..................
#....#.....<.......
#.........§O.......
#.....####.........
#.......##...[..#..


You could see an ogre.

Vanquished Creatures
  Grinder (D:5)
  A sky beast (D:4)
  Blork the orc (D:5)
  A hound (D:4)
  2 orc priests (D:4)
  2 orc wizards (D:3)
  Ijyb (D:2)
  2 worker ants (D:4)
  A gnoll (D:1)
  4 adders
  An ooze (D:1)
  An adder skeleton (D:4)
  2 worms
  2 dart slugs
  3 giant geckos
  16 orcs
  2 ball pythons
  A giant cockroach (D:1)
  8 goblins
  10 hobgoblins
  2 jackals (D:3)
  A quokka (D:4)
  5 bats
  A giant gecko skeleton (D:5)
  A giant gecko zombie (D:5)
  2 giant newts
  6 kobolds
  8 rats
88 creatures vanquished.

Notes
Turn   | Place    | Note
--------------------------------------------------------------
     0 | D:1      | Liquid the Gargoyle Monk began the quest for the Orb.
     0 | D:1      | Reached XP level 1. HP: 14/14 MP: 1/1
    42 | D:1      | Reached XP level 2. HP: 9/19 MP: 2/2
   290 | D:1      | Reached skill level 1 in Armour
   333 | D:1      | Reached XP level 3. HP: 19/23 MP: 3/3
  1058 | D:2      | Reached XP level 4. HP: 29/29 MP: 4/4
  1169 | D:2      | Noticed Ijyb
  1190 | D:2      | Killed Ijyb
  1190 | D:2      | Reached skill level 5 in Unarmed Combat
  1425 | D:3      | Reached XP level 5. HP: 33/33 MP: 5/5
  1484 | D:3      | Found a faded altar to an unknown god.
  1823 | D:4      | Reached XP level 6. HP: 38/39 MP: 6/6
  2055 | D:4      | Found a glowing silver altar of Zin.
  2055 | D:4      | Found a shattered altar of Ashenzari.
  2135 | D:4      | Found a staircase to the Ecumenical Temple.
  2155 | Temple   | Entered the Ecumenical Temple
  2220 | Temple   | Became a worshipper of Qazlal Stormbringer
  2220 | Temple   | Reached * piety under Qazlal
  2220 | Temple   | Reached ** piety under Qazlal
  2372 | D:4      | Found a glowing golden altar of the Shining One.
  2510 | D:5      | Entered Level 5 of the Dungeon
  2543 | D:5      | Noticed Blork the orc
  2563 | D:5      | Killed Blork the orc
  2563 | D:5      | Reached skill level 6 in Unarmed Combat
  2595 | D:5      | Noticed a sky beast
  2799 | D:5      | Noticed Grinder
  2806 | D:5      | Paralysed by Grinder for 5 turns
  2821 | D:5      | Paralysed by Grinder for 2 turns
  2830 | D:5      | Paralysed by Grinder for 2 turns
  2835 | D:5      | Killed Grinder
  2835 | D:5      | Reached skill level 5 in Fighting
  2835 | D:5      | Reached skill level 1 in Invocations
  2835 | D:5      | Reached XP level 7. HP: 31/44 MP: 6/8
  2885 | D:5      | Noticed Pikel
  3216 | D:5      | Slain by an ogre

Skill      XL: |  1  2  3  4  5  6  7 |
---------------+----------------------+-----
Armour         | 1 2 3 |  3.8
Fighting       | 4 5 |  5.3
Unarmed Combat | 5 6 |  6.7
Dodging        | 3 |  3.0
Invocations    | 1 2 |  2.1
Stealth        | |  2.1

Action                   |  1- 3 |  4- 6 |  7- 9 || total
-------------------------+-------+-------+-------++-------
Melee: Unarmed           |   120 |   268 |    44 ||   432
       Punch             |     2 |     5 |     2 ||     9
  Use: Scroll            |       |     3 |       ||     3
 Stab: Sleeping          |     1 |       |       ||     1
  Eat: Chunk             |     1 |     5 |       ||     6
       Beef jerky        |       |       |     1 ||     1
Armor: Robe              |    20 |       |       ||    20
       Scale mail        |    33 |    81 |    26 ||   140
       Chain mail        |       |    28 |       ||    28
Dodge: Dodged            |    59 |   100 |     8 ||   167
Block: Other             |       |     1 |     3 ||     4
